 Dungeon Crawl Stone Soup version 0.31.0-12-g77e489cdc1 (webtiles) character file.

Game seed: 8744483503929104839

176 Silvore the Trooper (level 5, -3/42 HPs)
             Began as a Demonspawn Fighter on Feb 13, 2024.
             Slain by a scorpion (6 damage)
             ... on level 3 of the Dungeon.
             The game lasted 00:03:23 (2272 turns).

Silvore the Trooper (Demonspawn Fighter)            Turns: 2272, Time: 00:03:24

Health: -3/42      AC:  8    Str: 18    XL:     5   Next: 30%
Magic:  5/5        EV:  9    Int:  8    God:
Gold:   540        SH:  4    Dex: 13    Spells: 4/4 levels left

rFire   . . .        a - +0 long sword
rCold   . . .        c - +0 buckler
rNeg    . . .        b - +0 scale mail
rPois   .            (no helmet)
rElec   .            (no cloak)
rCorr   .            (no gloves)
SInv    .            (no boots)
Will    .....        j - amulet of the acrobat Stlth
                     (no ring)
HPRegen 0.27/turn    (no ring)
MPRegen 0.09/turn

%: acrobat
@: lethally poisoned (-3 -> -10)
A: molten scales 1, powered by death 1, demonic touch 2
a: no special abilities


You were on level 3 of the Dungeon.
You visited 1 branch of the dungeon, and saw 3 of its levels.

You collected 540 gold pieces.

Inventory:

Hand Weapons
 a - a +0 long sword (weapon)
Armour
 b - a +0 scale mail (worn)
 c - a +0 buckler (worn)
Jewellery
 j - an amulet of the acrobat (around neck)
Wands
 e - a wand of flame (8)
 f - a wand of light (4)
Scrolls
 i - a scroll of identify
Potions
 d - 2 potions of might
 g - 4 potions of curing {unknown}
 h - a potion of resistance
 k - a potion of degeneration {unknown}
 n - 2 potions of heal wounds {unknown}
 o - 2 potions of attraction {unknown}


   Skills:
 + Level 3.8 Fighting
 + Level 3.2 Long Blades
 + Level 3.6 Armour
 + Level 0.9 Dodging
 + Level 3.1 Shields


You had 4 spell levels left.
You didn't know any spells.
Your spell library contained the following spells:

 Spells                   Type           Power      Damage    Failure   Level
 Apportation              Tloc           0%         N/A       86%         1
 Necrotise                Necr           0%         1d4       86%         1
 Sting                    Conj/Alch      0%         1d3       86%         1
 Summon Small Mammal      Summ           0%         N/A       86%         1
 Jinxbite                 Hex            0%         N/A       95%         2
 Call Canine Familiar     Summ           0%         N/A       99%         3
 Summon Blazeheart Golem  Fire/Summ      0%         N/A       100%        4
 Alistair's Intoxication  Alch           0%         N/A       100%        5


Dungeon Overview and Level Annotations

Branches:
Dungeon (3/15)

Altars:

Annotations:
D:3 1 transporter, Zeo's ghost, novice GrHu


Innate Abilities, Weirdness & Mutations

You are partially covered in molten scales. (AC +2)
You regenerate a little health from kills.
Your touch may inflict irresistible damage on your foes.


Message History

The scorpion is almost dead.
The scorpion stings you but does no damage.
You barely miss the scorpion.
The scorpion is severely wounded.
The scorpion closely misses you.
The scorpion stings you but does no damage.
You hit the scorpion but do no damage.
The scorpion is severely wounded.
The scorpion closely misses you.
The scorpion stings you but does no damage.
You barely miss the scorpion.
The scorpion is severely wounded.
The scorpion stings you.
You are poisoned.
The scorpion poisons you!
You barely miss the scorpion.
The scorpion is severely wounded.
You feel very sick.
The scorpion stings you but does no damage.
The scorpion closely misses you.
You hit the scorpion but do no damage.
The scorpion is severely wounded.
You feel very sick. The scorpion stings you.
You barely miss the scorpion.
The scorpion is severely wounded.
You feel sick. The scorpion barely misses you. The scorpion stings you.
* * * LOW HITPOINT WARNING * * *
You hit the scorpion but do no damage.
The scorpion is severely wounded.
You feel sick. The scorpion stings you.
* * * LOW HITPOINT WARNING * * *
You are lethally poisoned!
The scorpion poisons you!
You hit the scorpion.
The scorpion is almost dead.
* * * LOW HITPOINT WARNING * * *
You feel very sick. The scorpion stings you.
You die...

#.#.###.#
#.))# #.#
##)## #.# #.#
#.# #.# #.#
#######.####.#
##
..........##..
.#
#######....###
##.##
########..#
##@s.# . ...#
#..# ##.###.#
####.####..#
#.##
......)....#
#.# #
####.#.###.#
#.## .# #.#.#
#.# ##.###.#
#.#.# #.#
##...#
####.#.###.#
#.###
......_....#
#.#


You could see a scorpion.

Vanquished Creatures
  An orc priest (D:3)
  3 gnolls
  5 adders (D:3)
  A ribbon worm (D:2)
  3 dart slugs (D:2)
  2 orcs (D:3)
  9 ball pythons
  7 bats
  5 endoplasms
  5 giant cockroaches
  6 goblins
  2 hobgoblins
  A quokka (D:1)
  7 frilled lizards
  4 kobolds
  5 rats
66 creatures vanquished.

Notes
Turn   | Place    | Note
-------+----------+-------------------------------------------
     0 | D:1      | Silvore the Demonspawn Fighter began the quest for the Orb.
     0 | D:1      | Reached XP level 1. HP: 18/18 MP: 1/1
   414 | D:1      | Gained mutation: You regenerate a little health from kills.
                  | [demonic ancestry]
   414 | D:1      | Reached XP level 2. HP: 23/24 MP: 2/2
   881 | D:1      | Identified a scroll of acquirement
   881 | D:1      | Acquired 453 gold pieces
  1014 | D:2      | Gained mutation: Your touch may inflict minor irresistible
                  | damage on your foes. [demonic ancestry]
  1014 | D:2      | Reached XP level 3. HP: 29/29 MP: 3/3
  1548 | D:3      | Found a transporter.
  1549 | D:3      | Noticed an ogre
  1550 | D:3      | Noticed Zeo's ghost (novice GrHu)
  1561 | D:3      | Gained mutation: You are partially covered in molten
                  | scales. (AC +2) [demonic ancestry]
  1561 | D:3      | Reached XP level 4. HP: 35/35 MP: 4/4
  2015 | D:3      | Gained mutation: Your touch may inflict irresistible damage
                  | on your foes. [demonic ancestry]
  2015 | D:3      | Reached XP level 5. HP: 30/42 MP: 5/5
  2194 | D:3      | Found a faded altar of an unknown god.
  2272 | D:3      | Slain by a scorpion

Illustrated notes

Levels and vault maps discovered:
D:1:      saegor_arrival_simple_d, layout_basic, dreamdust_wishing_well
D:2:      layout_rooms, corexii_leaking_fountain, hangedman_feature_mirror,
          st_stairs_8, minmay_worlds_worst_comb
D:3:      layout_loops_ring, gammafunk_ghost_arena, basic_ecumenical_altar,
          st_stairs_10, saegor_snake_ambush

Skill      XL: |  1  2  3  4 |
---------------+-------------+-----
Long Blades    | 2 3 |  3.2
Armour         | 3 |  3.6
Shields        | 3 |  3.1
Fighting       | |  3.8
Dodging        | |  0.9

Action                     |  1- 3 |  4- 6 || total
---------------------------+-------+-------++-------
  Melee: Long sword        |   153 |   108 ||   261
    Use: Scroll            |     8 |       ||     8
 Armour: Scale mail        |   107 |    94 ||   201
  Dodge: Dodged            |    85 |    77 ||   162
  Block: Buckler           |    41 |    38 ||    79
